 Dungeon Crawl Stone Soup version 0.16.0-16-g311141a (webtiles) character file.

6788 MDvedh the Infuser (level 10, -2/56 HPs)
             Began as a Deep Elf Conjurer on Mar 19, 2015.
             Was a Follower of Ashenzari.
             Slain by a yak (14 damage)
             ... on level 9 of the Dungeon.
             The game lasted 00:30:36 (9952 turns).

MDvedh the Infuser (Deep Elf Conjurer)              Turns: 9952, Time: 00:30:36

Health: -2/56      AC:  2    Str:  3    XL:     10   Next: 76%
Magic:  7/40       EV: 18    Int: 22    God:    Ashenzari [*.....]
Gold:   514        SH:  0    Dex: 15    Spells: 4 memorised, 17 levels left

rFire  . . .     SeeInvis .     G - staff of conjuration (curse)
rCold  . . .     Rnd*Rage +     u - +0 robe {MR+}
rNeg   . . .     SustAb   .     (no shield)
rPois  .         Gourm    .     (helmet restricted)
rElec  .         Spirit   .     (no cloak)
rCorr  .         Warding  .     (no gloves)
rMut   .         Stasis   .     (no boots)
MR     ++...                    (no amulet)
Stlth  ++........               (no ring)
                                m - ring of magical power (curse)

@: very slightly contaminated, very resistant to hostile enchantments,
unstealthy
A: hooves 1, horns 1, berserk 1, blink 1, dopey 1, weak 1
a: Blink, Renounce Religion


You were on level 9 of the Dungeon.
You worshipped Ashenzari.
Ashenzari was aware of your devotion.
You were very hungry.

You visited 2 branches of the dungeon, and saw 10 of its levels.

You collected 514 gold pieces.

Inventory:

Hand weapons
 a - a +0 trident of protection
Armour
 q - a +2 helmet of intelligence
 u - a +0 robe of magic resistance (worn)
 y - the +1 pair of boots "Bun Rets" {rElec rC- MR+ rCorr}
   (You found it on level 4 of the Dungeon)

   It makes you vulnerable to cold.
   It insulates you from electricity.
   It affects your resistance to hostile enchantments.
   It protects you from acid and corrosion.
Magical staves
 s - an uncursed staff of energy
 G - a cursed staff of conjuration (weapon)
Jewellery
 m - a cursed ring of magical power (left hand)
 v - an uncursed ring of protection from fire
Magical devices
 h - a wand of teleportation (4)
 o - a wand of confusion (30)
 p - a wand of fireball (2)
 A - a wand of polymorph (6)
Scrolls
 f - 2 scrolls of recharging
 i - 3 scrolls of amnesia
 j - 8 scrolls of magic mapping
 k - a scroll of enchant armour
 l - a scroll of curse jewellery
 r - 4 scrolls of remove curse
 F - a scroll of teleportation
Potions
 d - a potion of brilliance
 e - 2 potions of haste
 g - 6 potions of curing
 t - a potion of invisibility
 x - a potion of cure mutation {unknown}
 z - a potion of cancellation {unknown}
 B - a potion of lignification {unknown}
 D - a potion of might {unknown}
 H - 3 potions of agility
Books
 c - a book of Conjurations

   Spells                             Type                      Level
   a - Magic Dart                     Conjuration                  1
   b - Searing Ray                    Conjuration                  2
   c - Dazzling Spray                 Conjuration/Hexes            3
   d - Fulminant Prism                Conjuration/Hexes            4
   e - Iskenderun's Mystic Blast      Conjuration                  4
   f - Iskenderun's Battlesphere      Conjuration/Charms           5
 w - a book of Dreams

   Spells                             Type                      Level
   a - Ensorcelled Hibernation        Hexes/Ice                    2
   b - Flight                         Charms/Air                   3
   c - Phase Shift                    Translocation                5
   d - Shadow Creatures               Summoning                    5
   e - Mass Confusion                 Hexes                        6
   f - Darkness                       Hexes                        7
Comestibles
 b - 8 bread rations
 C - 2 fruits


   Skills:
 + Level 3.0 Fighting
 + Level 9.1 Dodging
 - Level 2.4 Stealth
 + Level 10.4 Spellcasting
 - Level 10.8 Conjurations
 - Level 11.1 Charms


You had 17 spell levels left.
You knew the following spells:

 Your Spells              Type           Power        Failure   Level  Hunger
a - Magic Dart            Conj           ####         1%          1    None
b - Searing Ray           Conj           ######       1%          2    None
c - Iskenderun's Battles  Conj/Chrm      ######..     1%          5    ####...
f - Iskenderun's Mystic   Conj           ######..     1%          4    ##.....


Dungeon Overview and Level Annotations

Branches:
Dungeon (9/15)             Temple (1/1) D:4
   Lair: D:8-11         Orc: D:9-12

Altars:
Ashenzari
Cheibriados
Dithmenos
Elyvilon
Fedhas
Gozag
Kikubaaqudgha
Makhleb
Nemelex Xobeh
Okawaru
Qazlal
Ru
Sif Muna
Trog
Vehumet
Xom
Yredelemnul
Zin
The Shining One


Innate Abilities, Weirdness & Mutations

You have large cloven feet.
You have a pair of small horns on your head.
You tend to lose your temper in combat.
You can translocate small distances at will.
You are dopey. (Int -2)
You are weak. (Str -2)


Message History

Okay, then.
Casting: Searing Ray
Confirm with . or Enter, or press ? or * to list all spells.
Aiming: Searing Ray
Press: ? - help, Shift-Dir - straight line, f/p - yak
Aim: a yak (almost dead)
You feel a surge of power!
The searing ray hits the yak.
The yak is almost dead.
The yak misses you.
The searing ray hits the yak.
You kill the yak!
Your Fighting skill increases to level 3!
The searing ray hits the yak.
The yak is lightly wounded.
You are feeling very hungry.
The yak completely misses you.
The searing ray hits the yak.
The yak is heavily wounded.
The yak gores you!
You die...

### ## ### #.#.... ####.##
..#..... . #.#...# .. ##.......#.
..###..#..##... ..#.......#.
#..........#... .#.........#.
#{............. ........†.#.#
###............. ...........#
#@Y.............. .......†..##
###............... ...........##
###..............(.
#.........#.###..................
#..........#..###........†.......
###.†............................
#...........................†....
##.†≈≈≈≈≈................#.......
#..≈≈§§§...............##..#....


You could see a yak.

Vanquished Creatures
  Pikel (D:6)
  A two-headed ogre (D:3)
  A spriggan (D:7)
  A wyvern (D:8)
  A deep elf mage (D:9)
  9 yaks (D:9)
  Edmund (D:5)
  2 water moccasins
  An ice beast (D:5)
  4 orc warriors
  3 slaves
  A black bear (D:8)
  A phantom (D:8)
  2 sky beasts (D:8)
  6 ogres
  2 centaurs (D:5)
  5 giant frogs
  Sigmund (D:5)
  Duvessa (D:7)
  A big kobold (D:7)
  6 scorpions
  8 wights
  6 killer bees (D:9)
  An electric eel (D:8)
  A jelly (D:8)
  5 crimson imps
  2 goliath beetles
  A hound (D:5)
  A quasit (D:8)
  A giant frog zombie (D:5)
  Dowan (D:7)
  A centaur zombie (D:6)
  A gnoll shaman (D:5)
  3 orc priests
  3 worker ants
  A giant frog skeleton (D:8)
  Natasha (thrice) (D:6)
  2 iguanas
  3 orc wizards
  2 hound skeletons
  A mummy (D:9)
  3 gnolls (D:5)
  A shadow imp (D:8)
  8 adders
  5 worms
  2 adder zombies
  2 adder skeletons (D:4)
  6 giant geckos
  26 orcs
  A ball python (D:4)
  9 giant cockroaches
  25 goblins
  12 hobgoblins
  11 jackals
  14 kobolds
  4 quokkas
  16 bats
  A giant gecko zombie (D:6)
  9 giant newts
  A giant spore (D:9)
  A quokka skeleton (D:3)
  A quokka zombie (D:8)
  12 rats
268 creatures vanquished.

Vanquished Creatures (others)
  A bat (D:6)
1 creature vanquished.

Grand Total: 269 creatures vanquished

Notes
Turn   | Place    | Note
--------------------------------------------------------------
     0 | D:1      | MDvedh, the Deep Elf Conjurer, began the quest for the Orb.
     0 | D:1      | Reached XP level 1. HP: 10/10 MP: 5/5
   231 | D:1      | Reached XP level 2. HP: 15/15 MP: 4/8
   315 | D:1      | Learned a level 2 spell: Searing Ray
   952 | D:1      | Reached skill level 5 in Conjurations
  1010 | D:2      | Reached XP level 3. HP: 19/19 MP: 9/12
  1361 | D:2      | Found a sparkling altar of Nemelex Xobeh.
  1912 | D:2      | Reached XP level 4. HP: 24/24 MP: 13/15
  1957 | D:2      | Found a bloodstained altar of Trog.
  2162 | D:3      | Found a burning altar of Makhleb.
  2291 | D:3      | Reached skill level 6 in Conjurations
  2953 | D:3      | Reached XP level 5. HP: 28/28 MP: 13/18
  3426 | D:3      | Learned a level 4 spell: Iskenderun's Mystic Blast
  3432 | D:3      | Learned a level 5 spell: Iskenderun's Battlesphere
  3600 | D:3      | Noticed a two-headed ogre
  3611 | D:3      | Killed a two-headed ogre
  3611 | D:3      | Reached skill level 7 in Conjurations
  3611 | D:3      | Reached XP level 6. HP: 32/32 MP: 6/20
  3955 | D:4      | Found a staircase to the Ecumenical Temple.
  3969 | Temple   | Entered the Ecumenical Temple
  4042 | Temple   | Became a worshipper of Ashenzari the Shackled
  4205 | D:4      | Got the uncursed pair of boots "Bun Rets" {rElec rC- MR+ rCorr}
  4641 | D:4      | Reached skill level 8 in Conjurations
  4641 | D:4      | Reached skill level 5 in Charms
  4641 | D:4      | Reached XP level 7. HP: 36/36 MP: 15/21
  4727 | D:5      | Entered Level 5 of the Dungeon
  5328 | D:5      | Noticed Edmund
  5336 | D:5      | Killed Edmund
  5336 | D:5      | Reached skill level 9 in Conjurations
  5336 | D:5      | Reached XP level 8. HP: 41/41 MP: 20/22
  5396 | D:5      | Noticed Sigmund
  5407 | D:5      | Killed Sigmund
  6039 | D:5      | Reached skill level 10 in Conjurations
  6102 | D:6      | Noticed Pikel
  6150 | D:6      | Found a shadowy altar of Dithmenos.
  6274 | D:6      | Noticed Natasha
  6275 | D:6      | Killed Natasha
  6288 | D:6      | Reached skill level 10 in Charms
  6486 | D:6      | Killed Pikel
  6486 | D:6      | Reached skill level 11 in Charms
  6486 | D:6      | Reached XP level 9. HP: 40/45 MP: 14/24
  6566 | D:6      | Noticed Natasha
  6567 | D:6      | Killed Natasha
  6586 | D:6      | Noticed Natasha
  6587 | D:6      | Killed Natasha
  6634 | D:6      | Found a radiant altar of Vehumet.
  7000 | D:7      | Reached skill level 5 in Spellcasting
  7328 | D:7      | Reached skill level 5 in Dodging
  7337 | D:7      | Noticed Duvessa
  7337 | D:7      | Noticed Dowan
  7341 | D:7      | Killed Dowan
  7346 | D:7      | Killed Duvessa
  8094 | D:8      | Found a glowing golden altar of the Shining One.
  8099 | D:8      | Found a sacrificial altar of Ru.
  8099 | D:8      | Found a shadowy altar of Dithmenos.
  8171 | D:8      | Reached XP level 10. HP: 41/50 MP: 29/29
  8972 | D:8      | Found a stormy altar of Qazlal.
  9565 | D:9      | Reached skill level 1 in Fighting
  9677 | D:9      | Gained mutation: You tend to lose your temper in combat. [potion of mutation]
  9677 | D:9      | Gained mutation: You can translocate small distances at will. [potion of mutation]
  9677 | D:9      | Gained mutation: You are frail (-10% HP). [potion of mutation]
  9678 | D:9      | Gained mutation: You have a pair of small horns on your head. [potion of mutation]
  9678 | D:9      | Gained mutation: You have large cloven feet. [potion of mutation]
  9679 | D:9      | Gained mutation: You are weak. (Str -2) [potion of mutation]
  9679 | D:9      | Gained mutation: You are dopey. (Int -2) [potion of mutation]
  9679 | D:9      | Lost mutation: You are frail (-10% HP). [potion of mutation]
  9816 | D:9      | Reached skill level 10 in Spellcasting
  9952 | D:9      | Slain by a yak

Action                   |  1- 3 |  4- 6 |  7- 9 | 10-12 || total
-------------------------+-------+-------+-------+-------++-------
Melee: Unarmed           |       |     1 |     1 |       ||     2
       Staff             |       |     6 |     7 |    12 ||    25
 Cast: Magic Dart        |    83 |   100 |   199 |    99 ||   481
       Searing Ray       |     3 |    13 |    15 |     6 ||    37
       Iskenderun's Myst |       |     3 |    22 |     4 ||    29
       Iskenderun's Batt |       |       |    19 |    18 ||    37
  Use: Potion            |       |     1 |       |     4 ||     5
       Scroll            |       |     9 |    10 |     1 ||    20
  Eat: Chunk             |     1 |     5 |     9 |     3 ||    18
       Pizza             |     1 |       |       |       ||     1
       Meat ration       |       |     1 |       |     1 ||     2
       Royal jelly       |       |       |     1 |       ||     1
       Fruit             |       |       |     1 |       ||     1
